 Dungeon Crawl Stone Soup version 0.22-a0-398-g8bb545f (webtiles) character file.

114 KristoblXynda the Vandal (level 4, -1/33 HPs)
             Began as a Spriggan Hunter on May 4, 2018.
             Slain by an orc
             ... wielding a +0 short sword
              (4 damage)
             ... on level 2 of the Dungeon.
             The game lasted 00:11:39 (3867 turns).

KristoblXynda the Vandal (Spriggan Hunter)          Turns: 3867, Time: 00:11:40

Health: -1/33      AC: 20    Str:  8    XL:     4   Next: 66%
Magic:  5/5        EV:  4    Int: 13    God:
Gold:   81         SH:  0    Dex: 16    Spells: 3/3 levels left

rFire    . . .     SeeInvis +   e - +0 dagger
rCold    . . .     Gourm    .   (shield restricted)
rNeg     + + +     Faith    .   (armour currently unavailable)
rPois    +         Spirit   .   (helmet currently unavailable)
rElec    .         Reflect  .   (cloak currently unavailable)
rCorr    .         Harm     .   (gloves unavailable)
MR       .....     NoTele   +   (boots unavailable)
Stlth    +++.......             (no amulet)
HPRegen  0.11/turn              p - -2 ring of protection (curse)
MPRegen  0.09/turn              (no ring)

@: tree-form
A: very small, unfitting armour, see invisible, herbivore, slow metabolism 2
a: no special abilities


You were on level 2 of the Dungeon.
You were not hungry.
You were a tree.
You visited 1 branch of the dungeon, and saw 2 of its levels.

You collected 81 gold pieces.

Inventory:

Hand Weapons
 a - a +1 hunting sling
 e - a +0 dagger (weapon)
Missiles
 d - 27 sling bullets
Armour
 c - a +0 robe (melded)
 m - a cursed +0 cloak (melded)
Jewellery
 p - a cursed -2 ring of protection (left branch)
Scrolls
 g - a scroll of remove curse {unknown}
 h - a scroll of identify {unknown}
 j - a scroll of enchant weapon {unknown}
 l - a scroll of noise {unknown}
 o - a scroll of immolation {unknown}
Potions
 k - a potion of flight {unknown}
 n - a potion of haste {unknown}
Comestibles
 f - 3 rations


   Skills:
 - Level 1.5 Fighting
 + Level 1.5 Short Blades
 + Level 5.5(5.6) Slings
 - Level 0.9(3.0) Throwing
 + Level 4.4 Dodging
 + Level 3.9 Stealth


You had 3 spell levels left.
You didn't know any spells.

Dungeon Overview and Level Annotations

Branches:
Dungeon (2/15)

Altars:


Innate Abilities, Weirdness & Mutations

You are very small and have problems with some larger weapons.
You are too small for most types of armour.
You have supernaturally acute eyesight. (SInv)
You are a herbivore.
((You cover ground extremely quickly.))
You need to consume almost no food.


Message History

You barely miss the worm.
The worm is lightly wounded.
The orc hits you but does no damage.
You hit the worm.
The worm is lightly wounded.
The worm bites you but does no damage. The orc barely misses you.
You barely miss the worm.
The worm is lightly wounded.
The orc hits you but does no damage.
You hit the worm.
The worm is moderately wounded.
The worm bites you.
* * * LOW HITPOINT WARNING * * *
You hit the worm but do no damage.
The worm is lightly wounded.
The orc hits you but does no damage. The worm completely misses you.
You barely miss the worm.
The worm is lightly wounded.
The orc hits you with a short sword.
You die...

#.####.#######.#
#.#............# #
#####.#..........#.# #
##...#.#...........## #
#....'.#............# #
#....####....††.....###########
#.......'......................
#.#'#.###....######...)####....
#.#..>....((oo♣w[..............
#.#.........#######.##..##.....
#.....#####.#...).#.##..##.#...
####.######.##)##.#.##...#.#...
#.......#....##.#.##.#.#.#...
#######.#######)#.##.#.#.#.##
#...# #.#.##...#+ # #...#
#.......<.. #..o# ###.#...... #


You could see a worm and 2 orcs.

Vanquished Creatures
  An orc priest (D:2)
  3 adders (D:2)
  A worm (D:2)
  A dart slug (D:2)
  2 orcs (D:2)
  4 bats
  4 giant cockroaches
  6 hobgoblins
  6 jackals (D:1)
  4 kobolds
  A quokka (D:2)
  A ball python (D:2)
  3 frilled lizards
  5 goblins
  5 rats (D:1)
47 creatures vanquished.

Notes
Turn   | Place    | Note
-------+----------+-------------------------------------------
     0 | D:1      | KristoblXynda the Spriggan Hunter began the quest for the Orb.
     0 | D:1      | Reached XP level 1. HP: 10/10 MP: 2/2
   119 | D:1      | Reached skill level 5 in Slings
   354 | D:1      | Reached XP level 2. HP: 10/14 MP: 3/3
  1823 | D:1      | Reached XP level 3. HP: 2/18 MP: 4/4
  3038 | D:2      | Reached skill level 1 in Short Blades
  3241 | D:2      | Reached XP level 4. HP: 22/22 MP: 5/5
  3867 | D:2      | Slain by an orc

Vault maps used:
D:1:      minmay_arrival_cross

Skill      XL: |  1  2  3 |
---------------+----------+-----
Stealth        | 2 3 |  3.9
Slings         | 5 |  5.5
Dodging        | 4 |  4.4
Short Blades   | 1 |  1.5
Fighting       | |  1.5
Throwing       | |  0.9

Action                   |  1- 3 |  4- 6 || total
-------------------------+-------+-------++-------
Melee: Short sword       |    21 |       ||    21
       Dagger            |   248 |   112 ||   360
 Fire: Hunting sling     |    13 |     9 ||    22
  Use: Potion            |     2 |     1 ||     3
 Stab: Sleeping          |     7 |       ||     7
  Eat: Ration            |       |     1 ||     1
Armor: Robe              |    23 |    13 ||    36
       Skin              |    46 |    23 ||    69
Dodge: Dodged            |   192 |   123 ||   315

Table legend:
 A = Spawn XP
 B = Non-spawn XP
 C = Spawn XP percentage of total XP
 D = Spawn monster count
 E = Non-spawn monster count
 F = Spawn count percentage of total count
 G = Total turns spent on level
                    A         B        C        D         E        F      G
               +---------+---------+-------+---------+---------+-------+---------
         Total |       0 |     163 |   0.0 |       0 |      47 |   0.0 |  3867
               +---------+---------+-------+---------+---------+-------+---------
           D:1 |       0 |      40 |   0.0 |       0 |      24 |   0.0 |  2128
           D:2 |       0 |     123 |   0.0 |       0 |      23 |   0.0 |  1739
               +---------+---------+-------+---------+---------+-------+---------
